AoeStats
← Joaking

Arena

508075111Analyzed
4v4 RM · 10d ago on Sep 20, 2026· 61m 40s· 8 players
Game mode
Random Map
Map size
Large (8 player)
Population
200
Speed
Normal
Resources
Standard
Victory
Conquest
Starting age
Dark Age
Ending age
Imperial Age
RankedLock teamsTeams togetherTeam positionsShared explorationLock speedFull tech treeHidden civsTurbo modeCheats
Victory
Defeat
🇨🇴 Goths · Colombia
1119
+14
🇪🇸 Cumans · Spain
1109
+14
🇪🇸 Saracens · Spain
1029
+17
🇨🇱 Chinese · Chile
1016
+18
🇦🇷 Ethiopians · Argentina
1073
-16
🇨🇱 Saracens · Chile
1072
-16
🇬🇧 Goths · United Kingdom
1065
-16
🇺🇸 Italians · United States
1052
-15
Welches So Wavy
11:09 Loom
12:55 Feudal Age
18:49 Castle Age
16:47 Double-Bit Axe
18:03 Horse Collar
22:00 Wheelbarrow
32:10 Hand Cart
35:50 Imperial Age
36:39 Forging
36:30 Scale Mail Armor
36:37 Thumb Ring
35:55 Elite Skirmisher
36:18 Light Cavalry
37:09 Bloodlines
37:00 Husbandry
38:03 Chemistry
37:24 Ballistics
37:08 Hussar
38:48 Squires
39:27 Iron Casting
38:58 Scale Barding Armor
39:09 Chain Mail Armor
38:55 Padded Archer Armor
38:45 Fletching
39:22 Bow Saw
39:15 Heavy Plow
39:05 Arson
40:14 Conscription
39:18 Elite Genoese Crossbowman
41:33 Two-Man Saw
41:06 Crop Rotation
41:38 Blast Furnace
41:50 Gold Mining
42:35 Plate Mail Armor
43:35 Chemistry
42:56 Ballistics
42:36 Murder Holes
42:22 Treadmill Crane
43:00 Leather Archer Armor
43:10 Chain Barding Armor
44:27 Hussar
45:53 Bodkin Arrow
48:50 Bracer
jorvikshungite
0:33 Loom
11:48 Feudal Age
12:41 Double-Bit Axe
13:30 Man-at-Arms
14:08 Horse Collar
15:43 Wheelbarrow
15:59 Gold Mining
16:50 Scale Mail Armor
17:55 Forging
24:13 Castle Age
23:07 Stone Mining
23:14 Fletching
24:16 Long Swordsman
24:59 Squires
25:03 Pikeman
26:47 Chain Mail Armor
27:39 Iron Casting
30:33 Bow Saw
33:57 Heavy Plow
34:11 Masonry
36:51 Imperial Age
36:01 Murder Holes
36:57 Hand Cart
36:57 Two-Handed Swordsman
37:11 Capped Ram
41:04 Blast Furnace
39:36 Champion
41:29 Crossbowman
43:08 Halberdier
45:16 Padded Archer Armor
45:49 Architecture
45:32 Town Watch
47:34 Chemistry
46:31 Bodkin Arrow
JonBlack
9:27 Feudal Age
10:19 Double-Bit Axe
11:00 Fletching
14:14 Padded Archer Armor
22:38 Castle Age
21:24 Gold Mining
23:16 Bodkin Arrow
22:43 Crossbowman
24:21 Leather Archer Armor
27:05 Ballistics
29:42 Bow Saw
33:41 Horse Collar
35:23 Wheelbarrow
38:01 Imperial Age
35:50 Heavy Plow
36:41 Thumb Ring
37:23 Sanctity
37:25 Hand Cart
38:46 Bracer
38:08 Arbalester
39:56 Chemistry
Joaking
11:29 Feudal Age
13:45 Double-Bit Axe
17:24 Castle Age
20:35 Wheelbarrow
24:50 Hand Cart
29:41 Horse Collar
30:15 Bow Saw
37:26 Imperial Age
35:28 Husbandry
35:39 Bloodlines
35:18 Town Watch
35:22 Loom
36:14 Forging
36:11 Scale Barding Armor
36:19 Forging
36:09 Light Cavalry
37:40 Chain Barding Armor
37:36 Hussar
38:58 Iron Casting
37:50 Elite Mameluke
39:32 Plate Barding Armor
39:33 Iron Casting
43:08 Two-Man Saw
48:20 Fortified Wall
49:11 Chemistry
49:26 Fletching
50:36 Blast Furnace
49:38 Padded Archer Armor
50:02 Bodkin Arrow
53:54 Leather Archer Armor
53:40 Bracer
jaiderreyes4
7:07 Loom
11:14 Feudal Age
12:15 Double-Bit Axe
14:35 Castle Age
15:19 Horse Collar
21:46 Wheelbarrow
22:07 Gold Mining
28:35 Heavy Plow
28:31 Stone Mining
28:53 Bow Saw
34:34 Imperial Age
34:03 Anarchy
35:25 Perfusion
34:46 Elite Huskarl
35:30 Squires
34:51 Man-at-Arms
36:32 Forging
36:22 Scale Mail Armor
36:33 Forging
39:00 Iron Casting
38:40 Chain Mail Armor
39:20 Pikeman
42:00 Blast Furnace
40:33 Halberdier
53:34 Hand Cart
Clifordino
0:28 Loom
8:57 Feudal Age
14:17 Castle Age
14:09 Double-Bit Axe
15:10 Bow Saw
22:52 Horse Collar
25:39 Elite Skirmisher
26:13 Fletching
26:26 Padded Archer Armor
28:37 Leather Archer Armor
28:36 Bodkin Arrow
29:24 Wheelbarrow
28:49 Man-at-Arms
29:30 Squires
29:36 Scale Mail Armor
30:18 Gold Mining
30:31 Heavy Plow
30:19 Town Watch
30:16 Long Swordsman
31:09 Forging
32:49 Iron Casting
32:30 Chain Mail Armor
33:44 Chain Mail Armor
36:52 Imperial Age
34:41 Fortified Wall
34:43 Masonry
34:30 Murder Holes
34:58 Hand Cart
36:05 Heated Shot
36:35 Ballistics
36:31 Thumb Ring
38:56 Two-Man Saw
37:21 Two-Handed Swordsman
38:51 Champion
40:13 Architecture
41:42 Blast Furnace
40:57 Chain Mail Armor
41:38 Arson
43:53 Gold Shaft Mining
43:55 Plate Mail Armor
45:39 Great Wall
45:59 Conscription
45:12 Sappers
47:47 Pikeman
48:07 Elite Chu Ko Nu
48:51 Bracer
49:21 Ring Archer Armor
56:48 Chemistry
59:42 Spies/Treason
CanarioAOE
9:13 Feudal Age
9:16 Loom
11:42 Double-Bit Axe
16:25 Castle Age
15:01 Horse Collar
21:30 Gold Mining
22:54 Stone Mining
25:22 Wheelbarrow
24:33 Town Watch
27:41 Gold Shaft Mining
28:43 Bow Saw
28:36 Heavy Plow
29:12 Fletching
29:24 Padded Archer Armor
32:25 Imperial Age
30:25 Bodkin Arrow
31:59 Ballistics
31:50 Masonry
31:21 Elite Skirmisher
32:37 Hand Cart
32:22 Town Patrol
34:33 Chemistry
33:51 Leather Archer Armor
33:41 Scale Barding Armor
34:39 Conscription
34:25 Steppe Husbandry
34:50 Elite Kipchak
36:08 Ring Archer Armor
35:59 Chain Barding Armor
39:15 Bloodlines
38:26 Elite Steppe Lancer
46:24 Plate Barding Armor
45:59 Forging
46:56 Two-Man Saw
46:28 Crop Rotation
48:30 Cuman Mercenaries
50:15 Light Cavalry
54:06 Capped Ram
55:18 Siege Ram
Charls
10:03 Feudal Age
10:37 Horse Collar
11:06 Double-Bit Axe
18:59 Castle Age
17:26 Loom
23:41 Bow Saw
24:47 Wheelbarrow
27:44 Padded Archer Armor
27:35 Fletching
31:12 Husbandry
31:23 Bloodlines
33:37 Town Watch
34:21 Elite Skirmisher
38:24 Gold Mining
40:04 Gold Shaft Mining
39:57 Leather Archer Armor
39:37 Bodkin Arrow
45:42 Imperial Age
43:28 Hand Cart
43:20 Scale Barding Armor
43:26 Forging
45:12 Chain Barding Armor
45:27 Iron Casting
45:25 Town Patrol
45:57 Heavy Plow
46:20 Stone Mining
46:51 Heavy Camel Rider
50:28 Thumb Ring
49:43 Crossbowman
51:49 Ring Archer Armor
50:51 Light Cavalry
52:39 Bracer
52:54 Treadmill Crane
53:10 Arbalester
54:14 Ballistics
55:18 Chemistry
54:09 Guard Tower
55:44 Two-Man Saw
56:31 Plate Barding Armor
56:32 Iron Casting
57:19 Conscription
57:25 Hussar
59:58 Blast Furnace
Connection lost

Rejoining the realm…

Still unreachable

The connection could not be restored.

Session expired

The server has moved on; the page needs a fresh start.